 Dungeon Crawl Stone Soup version 0.18.1-2-ga659475 (console) character file.

1339 Lasty the Reanimator (level 8, 0/52 HPs)
             Began as a Mummy Necromancer on May 8, 2016.
             Was an Initiate of Gozag.
             Slain by Duvessa
             ... wielding a +0 short sword
              (11 damage)
             ... on level 5 of the Dungeon.
             The game lasted 00:17:38 (7119 turns).

Lasty the Reanimator (Mummy Necromancer)            Turns: 7119, Time: 00:17:39

Health: 0/52       AC:  4    Str: 11    XL:     8   Next: 35%
Magic:  7/16       EV: 12    Int: 14    God:    Gozag
Gold:   988        SH:  0    Dex: 15    Spells: 4 memorised, 8 levels left

rFire  x . .     SeeInvis .     a - +1 flail (crush)
rCold  + . .     Gourm    .     t - +1 robe of Regrecki {Int-2 Dex+2 Stlth+} (curse)
rNeg   + + +     Faith    .     (no shield)
rPois  ∞         Spirit   .     (no helmet)
rElec  .         Dismiss  .     (no cloak)
rCorr  .         Reflect  .     m - +0 pair of gloves
SustAt .         Harm     .     (no boots)
MR     +....                    (no amulet)
Stlth  +++.......               (no ring)
                                j - ring of wizardry

@: somewhat resistant to hostile enchantments, fairly stealthy
A: no food or potions, fire vulnerability, cold resistance 1, negative energy
resistance 3, torment resistance, unbreathing
a: Potion Petition, Call Merchant, Bribe Branch, Renounce Religion


You were on level 5 of the Dungeon.
You worshipped Gozag.
Gozag was noncommittal.
You were not hungry.

You visited 1 branch of the dungeon, and saw 5 of its levels.
You also visited: Sewer.

You collected 1039 gold pieces.
You paid 51 gold pieces to Gozag.


Innate Abilities, Weirdness & Mutations

You do not eat or drink.
Your flesh is vulnerable to fire.
You are immune to poison.
Your flesh is cold resistant.
You are immune to negative energy.
You are immune to unholy pain and torment.
You can survive without breathing.


   Skills:
 - Level 1.5 Dodging
 - Level 1.5 Stealth
 + Level 5.3 Spellcasting
 * Level 9.5 Necromancy


You had 8 spell levels left.
You knew the following spells:

 Your Spells              Type           Power        Failure   Level  Hunger
a - Pain                  Necr           ####         1%          1    N/A
d - Vampiric Draining     Necr           ####......   1%          3    N/A
f - Control Undead        Necr           ####......   1%          4    N/A
s - Animate Skeleton      Necr           N/A          1%          1    N/A

Inventory:

Hand Weapons
 a - a +1 flail of crushing (weapon)
   (You took it off Edmund on level 5 of the Dungeon)
 c - a +0 short sword
 e - a cursed -2 blowgun
 q - a +0 flail
 s - a +0 halberd
 u - a +1 hand axe of chopping
   (You took it off an orc on level 4 of the Dungeon)
Missiles
 h - 197 stones (quivered)
 p - 13 poisoned needles
Armour
 d - a +0 leather armour
 m - a +0 pair of gloves (worn)
 r - a +0 robe
 t - the cursed +1 robe of Regrecki (worn) {Int-2 Dex+2 Stlth+}
   (You found it on level 4 of the Dungeon)

   It affects your intelligence (-2).
   It affects your dexterity (+2).
   It makes you more stealthy.
   It has a curse placed upon it.
 v - a +3 scale mail of poison resistance
   (You took it off Edmund on level 5 of the Dungeon)
Jewellery
 j - a ring of wizardry (left hand)
Wands
 n - a wand of lightning (0/15)
 y - a wand of lightning (8/15)
Scrolls
 f - 2 scrolls of magic mapping {!r}
 g - a scroll of teleportation {!r}
 i - a scroll of enchant weapon
 k - a scroll of remove curse
 l - a scroll of random uselessness {unknown}
 o - 2 scrolls of fear {!r}
 w - a scroll of recharging {unknown}
 x - a scroll of blinking {unknown}
Books
 b - a book of Necromancy

   Spells                             Type                      Level
   a - Pain                           Necromancy                   1
   b - Animate Skeleton               Necromancy                   1
   c - Vampiric Draining              Necromancy                   3
   d - Regeneration                   Charms/Necromancy            3
   e - Animate Dead                   Necromancy                   4
   f - Control Undead                 Necromancy                   4


Message History

Magic restored.
Things that are here:
a dagger; a robe Unknown command.
Duvessa goes berserk!
Things that are here:
a dagger; a robe Evoke which item? (* to show all) (? for menu, Esc to quit)
Okay, then.
Duvessa rages.
Aiming: Pain
Aim: Duvessa, wielding a short sword and wearing a runed leather armour (berserk, fast, unusually strong, chance to defeat MR: 37%) Duvessa easily resists.
Duvessa hits you with a short sword.
You take 3 damage.
Evoke which item? (* to show all) (? for menu, Esc to quit)
Zapping:
n - a wand of lightning {zapped: 2} (will waste charges) Nothing appears to happen.
Duvessa misses you.
Evoke which item? (* to show all) (? for menu, Esc to quit)
Zapping:
y - a wand of lightning (will waste charges)
You hear a mighty clap of thunder!
The bolt of lightning hits Duvessa.
Duvessa is lightly wounded.
The bolt of lightning hits Duvessa.
Duvessa is moderately wounded.
Evoking this partially-identified wand wasted a few charges.
Duvessa hits you with a short sword! x2
* * * LOW HITPOINT WARNING * * *
You take 25 damage.
Aiming: Vampiric Draining
Aim: Duvessa, wielding a short sword and wearing a runed leather armour (moderately wounded, berserk, fast, unusually strong) Duvessa is heavily wounded.
You feel life coursing into your body. Duvessa hits you with a short sword!
* * * LOW HITPOINT WARNING * * *
You take 11 damage.
Unknown command.
Unknown command.
Aiming: Vampiric Draining
Aim: Duvessa, wielding a short sword and wearing a runed leather armour (heavily wounded, berserk, fast, unusually strong) Duvessa is severely wounded.
You feel life coursing into your body. Duvessa closely misses you.
Duvessa hits you with a short sword!
* * * LOW HITPOINT WARNING * * *
You take 9 damage.
Unknown command.
Aiming: Vampiric Draining
Aim: Duvessa, wielding a short sword and wearing a runed leather armour (severely wounded, berserk, fast, unusually strong) Duvessa is almost dead.
You feel life coursing into your body. Duvessa hits you with a short sword!
You die...
Your body crumbles into a pile of gold.

#####...........##########.##..#
#......>........................
#######.##.......#######.......#
#.##.####.......##...##..#
#.##.####..######........#
#....................#...# ####
#...........#####....#...# #.ee
#.##.####..## #......... #...
#.##.####@.######.##....## #...
#.....).e.................
#...###.##.####..######.###.....
#....e..#### ##..######.###..###
#..e##..######............#..# #
#.......................#.#..# #
#...##..#######.#######...#..# #
##...##..# #...# #.#.##.###
.....##..# #...# #.........


You could see Duvessa (berserk).

Vanquished Creatures
  Edmund (D:5)
  A sky beast (D:5)
  2 ogres (D:4)
  2 big kobolds (Sewer)
  The ghost of Chris7 the Firebug, an amateur DEFE (Sewer)
  2 scorpions
  Dowan (D:5)
  A gnoll shaman (D:4)
  2 orc priests
  An orc wizard (D:5)
  An iguana (D:4)
  Natasha (thrice) (D:3)
  A centaur skeleton (D:4)
  A worker ant (D:4)
  A hound skeleton (D:4)
  A worker ant zombie (D:5)
  8 gnolls
  6 adders
  A river rat (D:5)
  3 oozes
  An adder skeleton (D:5)
  3 worms
  2 dart slugs (D:1)
  3 giant geckos
  13 orcs
  4 ball pythons
  13 bats
  7 giant cockroaches
  6 goblins
  10 hobgoblins
  15 jackals
  3 quokkas
  6 giant newts
  23 kobolds
  20 rats
169 creatures vanquished.

Vanquished Creatures (others)
  An ogre (D:4)
  A hound (D:4)
  4 toadstools (D:1)
6 creatures vanquished.

Grand Total: 175 creatures vanquished

Notes
Turn   | Place    | Note
--------------------------------------------------------------
     0 | D:1      | Lasty the Mummy Necromancer began the quest for the Orb.
     0 | D:1      | Reached XP level 1. HP: 13/13 MP: 3/3
   228 | D:1      | Reached XP level 2. HP: 19/19 MP: 1/5
   288 | D:1      | Learned a level 1 spell: Animate Skeleton
   950 | D:1      | Reached skill level 5 in Necromancy
   950 | D:1      | Reached XP level 3. HP: 24/24 MP: 4/6
  1577 | D:2      | Found a shadowy altar of Dithmenos.
  1709 | D:2      | Reached XP level 4. HP: 30/30 MP: 3/7
  1790 | D:2      | Learned a level 3 spell: Vampiric Draining
  1855 | D:2      | Found an opulent altar of Gozag.
  1868 | D:2      | Became a worshipper of Gozag Ym Sagoz the Greedy
  2277 | D:3      | Reached skill level 6 in Necromancy
  2295 | D:3      | Noticed Natasha
  2304 | D:3      | Killed Natasha
  2432 | D:3      | Reached XP level 5. HP: 35/35 MP: 3/8
  2457 | D:3      | Noticed Talea's ghost (amateur VSMo)
  2718 | D:3      | Noticed Natasha
  2728 | D:3      | Killed Natasha
  2834 | D:3      | Noticed Natasha
  2866 | D:3      | Killed Natasha
  3134 | D:3      | Reached skill level 3 in Spellcasting
  3712 | D:4      | Reached XP level 6. HP: 41/41 MP: 6/10
  3898 | D:4      | Reached skill level 7 in Necromancy
  3913 | D:4      | Learned a level 4 spell: Control Undead
  4345 | D:4      | Reached XP level 7. HP: 31/46 MP: 1/12
  4368 | D:4      | HP: 6/46 [gnoll/halberd (13)]
  4739 | D:4      | Found a deep blue altar of Sif Muna.
  4842 | D:4      | Reached skill level 4 in Spellcasting
  4893 | D:4      | Got a distressingly furry robe
  4904 | D:4      | Identified the cursed +1 robe of Regrecki {Int-2 Dex+2 Stlth+} (You found it on level 4 of the Dungeon)
  4955 | D:4      | Reached skill level 8 in Necromancy
  5186 | D:4      | Found a staircase to the Ecumenical Temple.
  5247 | D:5      | Entered Level 5 of the Dungeon
  5443 | D:5      | Noticed Edmund
  5454 | D:5      | Killed Edmund
  5606 | D:5      | Found a glowing drain.
  5629 | Sewer    | Entered a sewer
  5785 | Sewer    | Reached skill level 9 in Necromancy
  5785 | Sewer    | Reached XP level 8. HP: 26/52 MP: 3/15
  5930 | Sewer    | Noticed Chris7's ghost (amateur DEFE)
  6001 | Sewer    | Killed Chris7's ghost
  6001 | Sewer    | Reached skill level 5 in Spellcasting
  7035 | D:5      | Noticed Duvessa
  7035 | D:5      | Noticed Dowan
  7051 | D:5      | Killed Dowan
  7117 | D:5      | HP: 13/52 [Duvessa/short sword (15)]
  7118 | D:5      | HP: 4/52 [Duvessa/short sword (13)]
  7119 | D:5      | Slain by Duvessa

Vault maps used:
D:1:      ldierk_walled_garden_2
D:2:      nicolae_gozag_cash_rules_everything_around_me,
          nicolae_dithmenos_through_a_glass_darkly
D:3:      first_bread, uniq_natasha
D:4:      lemuel_temple_firewalk_marked, lemuel_blue_sif_altar
D:5:      portal_sewer_entry_e, uniq_edmund, uniq_duvessa
Sewer:    kennysheep_pipe_town

Action                   |  1- 3 |  4- 6 |  7- 9 || total
-------------------------+-------+-------+-------++-------
Melee: Short sword       |    11 |    26 |       ||    37
       Unarmed           |     2 |       |       ||     2
       Hand axe          |       |     5 |     7 ||    12
       Flail             |       |       |    13 ||    13
Throw: Stone             |       |     1 |     1 ||     2
 Cast: Pain              |    80 |   158 |   122 ||   360
       Vampiric Draining |       |       |    11 ||    11
       Control Undead    |       |       |     1 ||     1
Invok: Potion Petition   |       |     1 |       ||     1
Evoke: Wand              |       |       |     2 ||     2
  Use: Scroll            |       |       |     6 ||     6
Armor: Leather armour    |    14 |    18 |     1 ||    33
       Robe              |       |       |    11 ||    11
Dodge: Dodged            |    23 |    33 |    34 ||    90

Skill      XL: |  1  2  3  4  5  6  7  8 |
---------------+-------------------------+-----
Necromancy     | 5 6 7 9 |  9.5
Spellcasting   | 3 4 5 |  5.3
Dodging        | |  1.5
Stealth        | |  1.5
